 Dungeon Crawl Stone Soup version 0.29-a0-1047-g7c58e119a4 (webtiles) character file.

Game seed: 18308228919010191132

12949 IdlyInterested the Basher (level 11, -4/84 HPs)
             Began as a Demonspawn Fighter on Aug 16, 2022.
             Was a Believer of Qazlal.
             Shot with a bolt by a death knight (8 damage)
             ... on level 11 of the Dungeon.
             The game lasted 00:35:34 (12163 turns).

IdlyInterested the Basher (Demonspawn Fighter)     Turns: 12163, Time: 00:35:35

Health: -4/84      AC: 17    Str: 23    XL:     11   Next: 69%
Magic:  0/15       EV:  9    Int: 12    God:    Qazlal [**....]
Gold:   366        SH:  8    Dex: 12    Spells: 10/10 levels left

rFire   . . .      SeeInvis .   j - +9 flail (venom)
rCold   . . .      Faith    .   c - +0 buckler
rNeg    . . .      Spirit   +   x - +0 plate armour
rPois   .          Reflect  .   l - +2 helmet
rElec   .          Harm     .   d - +2 cloak
rCorr   .          Rampage  .   (no gloves)
Will    +....                   (no boots)
Stlth   ..........              L - amulet of guardian spirit
HPRegen 0.24/turn               e - ring of willpower
MPRegen 0.14/turn               F - +6 ring of strength

@: mighty, slowed, studying 2 skills, very slow
A: hooves 1, demonic guardian 1, foul stench 2, sturdy frame 2, clumsy 1, low MP
1
a: Renounce Religion, Upheaval


You were on level 11 of the Dungeon.
You worshipped Qazlal.
Qazlal was pleased with you.
You visited 2 branches of the dungeon, and saw 12 of its levels.
You also visited: Sewer.

You collected 933 gold pieces.
You spent 567 gold pieces at shops.

Inventory:

Hand Weapons
 j - a +9 flail of venom (weapon)
 z - the +10 long sword "Maeceu" {flame, rN+}
   (You found it on level 5 of the Dungeon)

   It burns those it strikes, dealing additional fire damage.
   Big, fiery blades are also staple armaments of hydra-hunters.
   rN:        It protects you from negative energy.
Missiles
 k - a throwing net
 n - 4 curare-tipped darts
 p - 22 poisoned darts (quivered)
 u - 6 boomerangs
Armour
 c - a +0 buckler (worn)
 d - a +2 cloak (worn)
 l - a +2 helmet (worn)
 x - a +0 plate armour (worn)
 J - +0 steam dragon scales
Jewellery
 e - a ring of willpower (left hand)
 v - a ring of protection from cold
 C - a ring of protection from cold
 F - a +6 ring of strength (right hand)
 H - a ring of positive energy
 L - an amulet of guardian spirit (around neck)
Wands
 b - a wand of charming (22)
 g - a wand of mindburst (12)
 h - a wand of flame (26)
 y - a wand of iceblast (12)
Scrolls
 a - a scroll of enchant weapon
 r - 6 scrolls of teleportation
 s - a scroll of magic mapping
 w - 2 scrolls of fear
 A - a scroll of fog
 B - 3 scrolls of identify
 E - 3 scrolls of amnesia
 G - 2 scrolls of blinking
Potions
 m - 4 potions of curing
 o - 3 potions of resistance
 q - a potion of mutation
 t - 5 potions of attraction
 D - a potion of haste
Miscellaneous
 K - a tin of tremorstones (1/2)


   Skills:
 + Level 7.2 Fighting
 * Level 13.6 Maces & Flails
 - Level 3.0 Armour
 - Level 3.0 Dodging
 - Level 6.0 Shields
 + Level 8.8 Invocations
 - Level 3.0 Evocations


You had 10 spell levels left.
You didn't know any spells.
Your spell library contained the following spells:

 Spells                   Type           Power      Damage    Failure   Level
 Apportation              Tloc           0%         N/A       95%         1
 Beastly Appendage        Tmut           0%         N/A       95%         1
 Necrotise                Necr           0%         1d4       95%         1
 Summon Small Mammal      Summ           0%         N/A       95%         1
 Scorch                   Fire           0%         2d5       98%         2
 Static Discharge         Conj/Air       0%         3-3/arc   98%         2
 Wereblood                Tmut           0%         N/A       98%         2
 Gell's Gravitas          Tloc           0%         N/A       100%        3
 Lesser Beckoning         Tloc           0%         N/A       100%        3
 Spider Form              Tmut/Pois      0%         N/A       100%        3
 Stone Arrow              Conj/Erth      0%         3d7       100%        3
 Animate Armour           Summ/Erth      0%         N/A       100%        4
 Dispel Undead            Necr           0%         3d6       100%        4
 Flame Wave               Conj/Fire      0%         2d4       100%        4
 Sticky Flame             Conj/Fire      0%         2d3       100%        4
 Alistair's Intoxication  Tmut/Pois      0%         N/A       100%        5
 Summon Cactus Giant      Summ           0%         N/A       100%        6
 Disjunction              Tloc           0%         N/A       100%        8
 Lehudib's Crystal Spear  Conj/Erth      0%         10d2      100%        8


Dungeon Overview and Level Annotations

Branches:
Dungeon (11/15)            Temple (1/1) D:6             Orc (0/2) D:10
  Sewer (visited)
   Lair: D:8-11

Altars:
Ashenzari
Cheibriados
Dithmenos
Fedhas
Gozag
Hepliaklqana
Kikubaaqudgha
Makhleb
Nemelex Xobeh
Okawaru
Qazlal
Ru
Sif Muna
Trog
Uskayaw
Vehumet
Wu Jian
Xom
Yredelemnul

Shops:
D:9 *

Portals:
Abyss: D:7


Innate Abilities, Weirdness & Mutations

You have large cloven feet.
A weak demonic guardian rushes to your aid.
You sometimes emit foul miasma when damaged in melee.
Your movements are less encumbered by armour. (ER -4)
You are clumsy. (Dex -2)
Your magical capacity is low. (-10% MP)


Message History

You block the troll's attack. The troll claws you!
* * * LOW HITPOINT WARNING * * *
The troll claws you but does no damage.
You bludgeon the troll!!
You kill the troll!
Qazlal accepts your kill.
The troll leather armour is intact enough to wear.
You feel very mighty all of a sudden.
You sock the cyclops!
The cyclops is poisoned.
Your kick misses the cyclops.
The cyclops is moderately wounded.
The cyclops hits you!!
* * * LOW HITPOINT WARNING * * *
You sock the cyclops!
The cyclops looks as sick as possible!
The cyclops is severely wounded.
You sock the cyclops!
You kill the cyclops!
Qazlal accepts your kill.
You hear a shout!
You hear a roar!
Your Fighting skill increases to level 7!
Aiming: Throw Flame
Press: ? - help, Shift-Dir - straight line, f - wraith
Aim: a wraith (71% to hit)
The puff of flame misses the wraith.
You barely miss the wraith. You kick the wraith.
The wraith is lightly damaged.
You block the wraith's attack.
You bludgeon the wraith!!
The wraith is severely damaged.
The wraith hits you. The wraith drains your vigour!
You feel yourself slow down.
You thump the wraith!
You destroy the wraith!
Qazlal accepts your kill.
You recover from your berserk rage.
A death knight comes into view. It is wielding a +0 arbalest.
The death knight calls down the wrath of Yredelemnul upon you.
You resist with some effort.
Items here: ( ) [ †.
Found a scroll of identify.
The death knight shoots a bolt.
The bolt hits you!
You die...

.....#.#
......#
.....#
##....
.(.. #
##)###
#.#..p.#
#..<.#)#
#.####@#
# #.?..#
#.....
#######


You could see a death knight.

Vanquished Creatures
  4 two-headed ogres
  2 death knights (D:11)
  Pikel (D:5)
  The ghost of Sweeb the Cudgeller, a novice DsMo of Ashenzari (D:7)
  A cyclops (D:11)
  A toenail golem (D:7)
  An unseen horror (D:10)
  A troll (D:11)
  3 wraiths
  6 yaks (D:8)
  4 wyverns
  4 steam dragons
  A neqoxec (D:7)
  Edmund (D:4)
  An acid dragon (D:6)
  3 water moccasins
  2 orc warriors
  A black bear (D:4)
  An ice beast (D:6)
  3 ogres
  3 centaurs
  5 kobold brigands
  3 phantoms
  Blork the orc (D:4)
  3 bullfrogs
  2 small abominations (D:7)
  2 gnoll sergeants
  2 scorpions
  13 wights
  A howler monkey (D:4)
  2 gnoll boudas
  4 orc priests
  13 hounds
  2 jellies
  Ijyb (D:4)
  7 iguanas
  7 orc wizards
  Robin (D:2)
  13 gnolls
  16 adders
  2 river rats (Sewer)
  3 white imps
  2 ufetubi
  8 worms
  2 dart slugs
  15 orcs
  5 bats
  8 endoplasms
  3 giant cockroaches
  14 hobgoblins
  A jackal (D:5)
  11 kobolds
  3 quokkas
  12 ball pythons
  4 frilled lizards
  7 goblins
  8 rats
251 creatures vanquished.

Vanquished Creatures (collateral kills)
  An ogre (D:6)
  A small abomination (D:7)
  An orc wizard (D:6)
  2 worms
  An orc (D:11)
  An endoplasm (D:1)
7 creatures vanquished.

Vanquished Creatures (others)
  A butterfly (D:11)
  7 fungi (D:10)
  4 plants (D:6)
12 creatures vanquished.

Grand Total: 270 creatures vanquished

Notes
Turn   | Place    | Note
-------+----------+-------------------------------------------
     0 | D:1      | IdlyInterested the Demonspawn Fighter began the quest for
                  | the Orb.
     0 | D:1      | Reached XP level 1. HP: 18/18 MP: 1/1
    43 | D:1      | Reached skill level 2 in Maces & Flails
   329 | D:1      | Gained mutation: A weak demonic guardian rushes to your
                  | aid. [demonic ancestry]
   329 | D:1      | Reached XP level 2. HP: 24/24 MP: 2/2
   824 | D:1      | Found a faded altar of an unknown god.
  1099 | D:2      | Gained mutation: You have large cloven feet. [demonic
                  | ancestry]
  1099 | D:2      | Reached XP level 3. HP: 25/29 MP: 3/3
  1183 | D:2      | Reached skill level 3 in Maces & Flails
  1325 | D:2      | Reached skill level 1 in Dodging
  1789 | D:2      | Gained mutation: Your movements are slightly less
                  | encumbered by armour. (ER -2) [demonic ancestry]
  1789 | D:2      | Reached XP level 4. HP: 35/35 MP: 4/4
  1811 | D:2      | Noticed Robin
  1845 | D:2      | Killed Robin
  2829 | D:3      | Found a radiant altar of Vehumet.
  2993 | D:4      | Noticed Blork the orc
  2993 | D:4      | Noticed a black bear
  2998 | D:4      | Killed a black bear
  2999 | D:4      | Reached skill level 4 in Maces & Flails
  2999 | D:4      | Reached XP level 5. HP: 41/41 MP: 5/5
  3006 | D:4      | Killed Blork the orc
  3007 | D:4      | Gained mutation: You may rarely emit foul miasma when
                  | damaged in melee. [demonic ancestry]
  3007 | D:4      | Reached XP level 6. HP: 43/47 MP: 6/6
  3052 | D:4      | Noticed Edmund
  3061 | D:4      | Killed Edmund
  3062 | D:4      | Reached skill level 5 in Maces & Flails
  3237 | D:4      | Found a glowing drain.
  3250 | Sewer    | Entered a sewer
  3430 | Sewer    | Reached skill level 6 in Maces & Flails
  3430 | Sewer    | Reached skill level 1 in Evocations
  3430 | Sewer    | Reached XP level 7. HP: 46/52 MP: 7/7
  4243 | D:4      | Reached skill level 7 in Maces & Flails
  4266 | D:4      | Noticed Ijyb
  4272 | D:4      | Killed Ijyb
  4823 | D:5      | Entered Level 5 of the Dungeon
  5095 | D:5      | Noticed Pikel
  5112 | D:5      | Killed Pikel
  5113 | D:5      | Reached skill level 8 in Maces & Flails
  5113 | D:5      | Gained mutation: You sometimes emit foul miasma when
                  | damaged in melee. [demonic ancestry]
  5113 | D:5      | Reached XP level 8. HP: 60/60 MP: 8/8
  5407 | D:5      | Reached skill level 9 in Maces & Flails
  5704 | D:5      | Noticed a two-headed ogre
  5711 | D:5      | Killed a two-headed ogre
  5712 | D:5      | Reached skill level 5 in Fighting
  5712 | D:5      | Reached skill level 10 in Maces & Flails
  5712 | D:5      | Reached XP level 9. HP: 43/68 MP: 9/9
  5726 | D:5      | Identified the +10 long sword "Maeceu" {flame, rN+}
  6401 | D:6      | Reached skill level 11 in Maces & Flails
  6985 | D:6      | Reached XP level 10. HP: 76/76 MP: 10/10
  7023 | D:6      | Found a staircase to the Ecumenical Temple.
  7028 | Temple   | Entered the Ecumenical Temple
  7041 | Temple   | Became a worshipper of Qazlal Stormbringer
  7211 | D:6      | Reached skill level 1 in Invocations
  7256 | D:6      | Reached skill level 5 in Shields
  7261 | D:6      | Reached * piety under Qazlal
  8099 | D:7      | Found an iron altar of Okawaru.
  8118 | D:7      | Found a bloodstained altar of Trog.
  8514 | D:7      | Found a transporter.
  8595 | D:7      | Identified a scroll of acquirement
  8595 | D:7      | Acquired a manual of Fighting
  8751 | D:7      | Found an ancient bone altar of Kikubaaqudgha.
  8765 | D:7      | Found a one-way gate to the infinite horrors of the Abyss.
  8765 | D:7      | Noticed Sweeb's ghost (novice DsMo)
  8848 | D:7      | Found a transporter.
  9087 | D:7      | Gained mutation: You have hidden genetic defects. [a
                  | neqoxec]
  9094 | D:7      | Reached skill level 5 in Invocations
  9102 | D:7      | Reached skill level 12 in Maces & Flails
  9377 | D:7      | Noticed a toenail golem
  9387 | D:7      | Killed a toenail golem
  9404 | D:7      | Killed Sweeb's ghost
  9416 | D:7      | Got Lugonu's Exposition on Displacement
  9419 | D:7      | Gained mutation: Your magical capacity is low. (-10% MP)
                  | [hidden defects]
  9998 | D:8      | Gained mutation: Your movements are less encumbered by
                  | armour. (ER -4) [demonic ancestry]
  9998 | D:8      | Reached XP level 11. HP: 49/81 MP: 14/14
 10006 | D:8      | Gained mutation: You are clumsy. (Dex -2) [hidden defects]
 10006 | D:8      | Lost mutation: You have hidden genetic defects. [hidden
                  | defects expressed]
 10447 | D:9      | Noticed a two-headed ogre
 10465 | D:9      | Killed a two-headed ogre
 10469 | D:9      | Reached ** piety under Qazlal
 10644 | D:9      | Found a basalt altar of Yredelemnul.
 10718 | D:9      | Noticed a two-headed ogre
 10725 | D:9      | Killed a two-headed ogre
 10875 | D:9      | Found a broken altar of Ashenzari.
 10879 | D:9      | Saw a vision of the Shoals and the Snake Pit.
 10879 | D:9      | Noticed a harpy
 10879 | D:9      | Noticed a sea snake
 11006 | D:9      | Found Uboom's Assorted Antiques.
 11009 | D:9      | Bought a scroll labelled SYGOSOIGUM for 27 gold pieces
 11009 | D:9      | Bought a scroll labelled SYGOSOIGUM for 27 gold pieces
 11009 | D:9      | Bought a scroll labelled SYGOSOIGUM for 27 gold pieces
 11234 | D:9      | Found an opulent altar of Gozag.
 11423 | D:9      | Bought 2 potions of curing for 162 gold pieces
 11423 | D:9      | Bought a potion of heal wounds for 135 gold pieces
 11423 | D:9      | Bought a potion of might for 108 gold pieces
 11423 | D:9      | Bought a potion of curing for 81 gold pieces
 11450 | D:10     | Entered Level 10 of the Dungeon
 11560 | D:10     | Reached skill level 13 in Maces & Flails
 11656 | D:10     | Noticed a two-headed ogre
 11667 | D:10     | Killed a two-headed ogre
 11767 | D:10     | Found a staircase to the Orcish Mines.
 12098 | D:11     | Noticed a death knight
 12104 | D:11     | Noticed a death knight
 12108 | D:11     | Killed a death knight
 12126 | D:11     | Killed a death knight
 12155 | D:11     | HP: 2/83 [cyclops (16)]
 12161 | D:11     | Noticed a death knight
 12163 | D:11     | Shot with a bolt by a death knight

Illustrated notes

Levels and vault maps discovered:
D:1:      dpeg_arrival_tiny_c, layout_loops_ring,
          shapermc_ecumenical_altar_hornbeckon, st_stairs_7
D:2:      layout_loops_ring, minmay_hexomino_f4, uniq_robin
D:3:      layout_basic, mainiacjoe_overflow_catwalk, minmay_misc_feat_chi
D:4:      layout_cave_pods, general_overflow_altar,
          cheibrodos_sewer_entry_drain, minmay_large_rounded_square,
          uniq_edmund, uniq_ijyb, uniq_blork_the_orc
D:5:      kennysheep_windowed_halls, layout_loops_ring, zin_treasury, uniq_pikel
D:6:      kennysheep_housing_project, layout_basic, temple_doors_e, st_stairs_4,
          minmay_manual_macuahuitl
D:7:      layout_cave_pools, okawaru_metal_pillars_3,
          mainiacjoe_overflow_alcove_1, overflow_temple_1_default,
          gammafunk_ghost_abyssal_escape
D:8:      layout_loops_ring
D:9:      layout_basic, yredelemnul_altar_generic, grunt_ashenzari_visionary
          [grunt_ashenzari_visionary_shoals, grunt_ashenzari_visionary_snake],
          grunt_gozag_statues, serial_shops, nicolae_shop_behind_doors
D:10:     kennysheep_steamy, layout_gridville, orc_0_dummy
D:11:     cheibrodos_tormentor_scu, layout_basic, lair_entry_dummy,
          nicolae_elyvilon_peaceful_grove
Temple:   cyrus_circular_temple

Skill      XL: |  1  2  3  4  5  6  7  8  9 10 11 |
---------------+----------------------------------+-----
Maces & Flails | 2 3 4 6 8 10 11 12 13 | 13.6
Armour         | 3 |  3.0
Dodging        | 1 2 3 |  3.0
Shields        | 3 4 6 |  6.0
Evocations     | 1 2 3 |  3.0
Fighting       | 4 5 6 7 |  7.2
Invocations    | 6 8 |  8.8

Action                   |  1- 3 |  4- 6 |  7- 9 | 10-12 || total
-------------------------+-------+-------+-------+-------++-------
Melee: Flail             |   118 |   127 |   241 |   311 ||   797
       Kick              |    11 |    29 |    56 |    91 ||   187
Throw: Dart              |       |     1 |    72 |    32 ||   105
Evoke: Wand              |       |       |     2 |     4 ||     6
       Tin of tremorston |       |       |       |     1 ||     1
  Use: Scroll            |     3 |     4 |    12 |     6 ||    25
       Potion            |       |     2 |       |     7 ||     9
Armor: Scale mail        |    18 |       |       |       ||    18
       Chain mail        |    64 |    73 |   106 |    93 ||   336
       Plate armour      |       |       |       |    66 ||    66
Dodge: Dodged            |    34 |    58 |    66 |    83 ||   241
Block: Buckler           |    32 |    32 |    31 |   110 ||   205

Table legend: (Time is in decaauts)
 A = Elapsed time spent in this place.
 B = Non-inter-level travel time spent in this place.
 C = Inter-level travel time spent in this place.
 D = Time resting spent in this place.
 E = Time spent auto-exploring this place.
 F = Levels seen in this place.
 G = Mean time per level.
                   A        B        C        D        E       F      G
               +--------+--------+--------+--------+--------+-----+--------+
         Total |  12352 |  11086 |   1266 |    954 |   7445 |  13 |  950.2 |
       Dungeon |  11233 |   9967 |   1266 |    904 |   6671 |  11 | 1021.2 |
        Temple |     51 |     51 |      0 |      0 |     27 |   1 |   51.0 |
         Sewer |   1067 |   1067 |      0 |     50 |    747 |   1 | 1067.0 |
               +--------+--------+--------+--------+--------+-----+--------+

Top non-repeatable levels by time:
     D:6: 2066 daAuts
     D:5: 1476 daAuts
     D:2: 1359 daAuts
     D:9: 1146 daAuts
     D:7: 1076 daAuts
   Sewer: 1067 daAuts
     D:1: 1026 daAuts
     D:4: 884 daAuts
     D:8: 879 daAuts
     D:3: 731 daAuts
    D:10: 490 daAuts
    D:11: 94 daAuts
  Temple: 51 daAuts
